 Dungeon Crawl Stone Soup version 0.32-a0-391-gce5c0aab1b (webtiles) character file.

Game seed: 16344516184456077087

2159 Zeldest the Cleaver (level 9, -5/106 HPs)
             Began as a Coglin Berserker on Feb 20, 2024.
             Was a Priest of Trog.
             Slain by an orc warrior
             ... wielding a +3 halberd of venom
              (14 damage)
             ... on level 6 of the Dungeon.
             The game lasted 00:04:43 (5195 turns).

Zeldest the Cleaver (Coglin Berserker)              Turns: 5195, Time: 00:04:43

Health: -5/106     AC: 31    Str: 21    XL:     9   Next: 31%
Magic:  9/9        EV:  2    Int:  7    God:    Trog [***...]
Gold:   379        SH:  0    Dex: 14    Spells: 8/8 levels left

rFire   . . .        a - +0 hand axe {Tamara}
rCold   . . .        y - +2 dagger (protect) {Daeho}
rNeg    + . .        b - melded +0 animal skin
rPois   +            (helmet currently unavailable)
rElec   .            g - melded scarf {repulsion}
rCorr   .            (gloves currently unavailable)
SInv    .            (boots currently unavailable)
Will    ++...        (no amulet)
Stlth   +            f - ring of positive energy
HPRegen 1.37/turn    (no ring)
MPRegen 0.11/turn

%: no passive effects
@: lethally poisoned (-5 -> -14), tree-form, strong-willed, under a protective
aura, regenerating, revving
A: stationary, stasis, torment immunity, boosted hp, off-hand wielding, slow
wielding, warmup strikes, (warmup strides)
a: Renounce Religion, Berserk, Trog's Hand


You were on level 6 of the Dungeon.
You worshipped Trog.
Trog was most pleased with you.
You were a tree.
You visited 1 branch of the dungeon, and saw 6 of its levels.
You also visited: Sewer.

You collected 379 gold pieces.

Inventory:

Hand Weapons
 a - a +0 hand axe (weapon) {Tamara}
 j - a +0 short sword {Haeun}
 y - a +2 dagger of protection (worn) {Daeho}
 z - a +0 war axe
Armour
 b - a +0 animal skin (melded)
 g - a scarf of repulsion (melded)
Jewellery
 f - a ring of positive energy (left branch)
Scrolls
 c - 4 scrolls of fog {unknown}
 e - 4 scrolls of noise {unknown}
 k - 4 scrolls of fear {unknown}
 m - 4 scrolls of identify {unknown}
 n - 5 scrolls of teleportation {unknown}
 q - a scroll of butterflies {unknown}
 r - a scroll of enchant armour {unknown}
 s - a scroll of blinking {unknown}
 u - 3 scrolls of revelation {unknown}
 w - a scroll of acquirement {unknown}
 x - 2 scrolls of brand weapon {unknown}
Potions
 d - a potion of resistance {unknown}
 i - 2 potions of degeneration {unknown}
 l - a potion of curing {unknown}
 o - a potion of brilliance {unknown}
 p - a potion of cancellation {unknown}
 t - 2 potions of might {unknown}
 v - 3 potions of lignification
 A - a potion of mutation {unknown}


   Skills:
 + Level 6.7 Fighting
 * Level 9.1 Axes
 + Level 5.7 Armour
 - Level 1.7 Dodging


You had 8 spell levels left.
You didn't know any spells.
Your spell library was empty.

Dungeon Overview and Level Annotations

Branches:
Dungeon (6/15) Zot: 26350  Temple (0/1) D:6           Sewer (visited)

Altars:
Kikubaaqudgha
Ru
Uskayaw
Yredelemnul


Innate Abilities, Weirdness & Mutations

You are a tree.
Your roots penetrate the ground, keeping you stationary.
You cannot be teleported.
You are immune to unholy pain and torment.
Your maximum health is greatly increased.
Your equipment is partially melded.
You can wield a second weapon in your off-hand.
It takes a long time for you to wield or remove held weapons.
Your first few attacks do less damage.
((Your first movements take longer.))


Message History

The orc warrior hits you from afar with a +3 halberd of venom.
You are poisoned.
The bullfrog hits you but does no damage.
You hit the bullfrog but do no damage.
The bullfrog is lightly wounded.
You barely miss the bullfrog with your +2 dagger of protection.
You feel less confused.
You feel very sick.
The bullfrog hits you but does no damage.
The orc warrior hits you from afar with a +3 halberd of venom.
* * * LOW HITPOINT WARNING * * *
You are more poisoned.
You hit the bullfrog with your +2 dagger of protection.
Your weapon exudes an aura of protection.
The bullfrog is moderately wounded.
You hit the bullfrog with your +0 hand axe.
You feel very sick.
The bullfrog hits you but does no damage.
The orc warrior hits you from afar with a +3 halberd of venom!
* * * LOW HITPOINT WARNING * * *
You feel much better.
You feel very sick.
The bullfrog hits you but does no damage. x2
The orc warrior hits you from afar with a +3 halberd of venom!
* * * LOW HITPOINT WARNING * * *
You are lethally poisoned!
Okay, then.
Okay, then.
You aren't carrying any items that you can evoke.
Unknown command.
Your skin crawls.
You feel strong-willed.
* * * LOW HITPOINT WARNING * * *
You feel very sick.
The bullfrog hits you but does no damage.
The orc wizard mumbles some strange words.
The orc wizard flickers and vanishes!
Deactivating autopickup; reactivate with Ctrl-A.
The orc warrior hits you from afar with a +3 halberd of venom!
You die...

.........##.###...#.
........###.......#. #.#
..........#..##..... #.$.
#.........#...... ....###
###....#.##.#...# .......
##..#####..#...#
.......####....##.....##)#
......oo##.....######.).).
......o{F♣....## #.....
.......o##....# .P#.....
...:....##....# >..'.....
..##....##....# ...P#.....
#....#.....# PPP####...
.............#### ###.
................ #.#..
..............### ......
#......... .#...#


You could see an orc warrior, a bullfrog and 3 orcs.

Vanquished Creatures
  Grinder (D:5)
  4 black bears
  2 ice beasts
  3 ogres
  2 brain worms (Sewer)
  A bullfrog (D:6)
  2 scorpions
  A howler monkey (D:6)
  A jelly (D:6)
  4 bombardier beetles
  2 hounds
  2 orc priests (D:4)
  Terence (D:2)
  Jessica (D:2)
  2 iguanas
  2 orc wizards (D:4)
  11 gnolls
  10 adders
  2 river rats (Sewer)
  A shadow imp (D:5)
  3 dart slugs
  A ribbon worm (D:4)
  7 orcs
  7 ball pythons
  5 endoplasms
  5 giant cockroaches
  7 hobgoblins
  8 jackals (D:3)
  7 kobolds
  A quokka (D:1)
  3 bats (D:3)
  7 frilled lizards
  3 goblins
  7 rats
126 creatures vanquished.

Notes
Turn   | Place    | Note
-------+----------+-------------------------------------------
     0 | D:1      | Zeldest the Coglin Berserker began the quest for the Orb.
     0 | D:1      | Reached XP level 1. HP: 18/18 MP: 1/1
   131 | D:1      | Reached XP level 2. HP: 20/24 MP: 2/2
   308 | D:1      | Reached XP level 3. HP: 29/29 MP: 3/3
   486 | D:2      | Noticed Terence
   496 | D:2      | Killed Terence
   623 | D:2      | Reached skill level 4 in Axes
   623 | D:2      | Reached XP level 4. HP: 31/35 MP: 4/4
   760 | D:2      | Found a faded altar of an unknown god.
   841 | D:2      | Noticed Jessica
   843 | D:2      | Killed Jessica
   941 | D:2      | Reached XP level 5. HP: 36/42 MP: 5/5
  1171 | D:3      | Reached ** piety under Trog
  1345 | D:3      | Reached skill level 5 in Axes
  1354 | D:3      | Found a glowing drain.
  1361 | Sewer    | Entered a sewer
  1375 | Sewer    | HP: 1/42 [adder (4)]
  1376 | Sewer    | Reached XP level 6. HP: 1/48 MP: 6/6
  2158 | D:3      | Reached XP level 7. HP: 52/55 MP: 7/7
  2459 | D:4      | Reached skill level 6 in Axes
  2723 | D:4      | Reached skill level 5 in Fighting
  3516 | D:5      | Entered Level 5 of the Dungeon
  3653 | D:5      | Reached XP level 8. HP: 45/62 MP: 8/8
  3831 | D:5      | Reached skill level 7 in Axes
  3833 | D:5      | Reached *** piety under Trog
  4378 | D:5      | Noticed Grinder
  4378 | D:5      | Paralysed by Grinder for 2 turns
  4392 | D:5      | Killed Grinder
  4393 | D:5      | Reached skill level 8 in Axes
  4393 | D:5      | Reached skill level 5 in Armour
  4600 | D:6      | Reached XP level 9. HP: 50/69 MP: 9/9
  4624 | D:6      | HP: 5/105 [black bear (4)]
  4873 | D:6      | Found a sacrificial altar of Ru.
  5030 | D:6      | Found an ancient bone altar of Kikubaaqudgha.
  5036 | D:6      | Found a hide-covered altar of Uskayaw.
  5036 | D:6      | Found a basalt altar of Yredelemnul.
  5078 | D:6      | Reached skill level 9 in Axes
  5129 | D:6      | Found a staircase to the Ecumenical Temple.
  5195 | D:6      | Slain by an orc warrior

Illustrated notes

Levels and vault maps discovered:
D:1:      matt_arrival_diagonals, layout_rooms
D:2:      layout_loops_ring, chequers_ecumenical_altar_island, uniq_terence,
          uniq_jessica
D:3:      layout_basic, gup_sewer_entry_bubbles
D:4:      layout_basic, nicolae_figureground_sparkle
D:5:      layout_loops_ring, uniq_grinder
D:6:      layout_cave_pools, mainiacjoe_overflow_alcove_3,
          minmay_temple_entry_enclosed_plants

Skill      XL: |  1  2  3  4  5  6  7  8  9 |
---------------+----------------------------+-----
Armour         | 2 3 4 5 |  5.7
Axes           | 4 5 6 8 9 |  9.1
Fighting       | 4 5 6 |  6.7
Dodging        | |  1.7

Action                     |  1- 3 |  4- 6 |  7- 9 || total
---------------------------+-------+-------+-------++-------
  Melee: Hand axe          |    54 |    96 |   237 ||   387
         Short sword       |    25 |    91 |    52 ||   168
         Dagger            |       |       |   179 ||   179
 Invoke: Berserk           |     1 |     5 |     5 ||    11
         Trog's Hand       |       |       |     2 ||     2
    Use: Potion            |       |     1 |     2 ||     3
   Stab: Sleeping          |     2 |     3 |     1 ||     6
 Armour: Animal skin       |    25 |    60 |   168 ||   253
         Skin              |       |       |    18 ||    18
  Dodge: Dodged            |    27 |    86 |   120 ||   233
         Repelled          |       |       |     4 ||     4

Table legend: (Time is in decaauts)
 A = Elapsed time spent in this place.
 B = Non-inter-level travel time spent in this place.
 C = Inter-level travel time spent in this place.
 D = Time resting spent in this place.
 E = Time spent auto-exploring this place.
 F = Levels seen in this place.
 G = Mean time per level.
                   A        B        C        D        E       F      G
               +--------+--------+--------+--------+--------+-----+--------+
         Total |   5512 |   5355 |    157 |   1479 |   2859 |   7 |  787.4 |
       Dungeon |   4838 |   4681 |    157 |   1140 |   2610 |   6 |  806.3 |
         Sewer |    673 |    673 |      0 |    339 |    249 |   1 |  673.0 |
               +--------+--------+--------+--------+--------+-----+--------+

Top non-repeatable levels by time:
     D:5: 1301 daAuts
     D:4: 1201 daAuts
     D:2: 694 daAuts
     D:3: 694 daAuts
   Sewer: 673 daAuts
     D:1: 509 daAuts
     D:6: 436 daAuts
